 Dungeon Crawl Stone Soup version 0.31-a0-986-g5e6e4ef867 (webtiles) character file.

Game seed: 6337368346630340786

365 grandjackal the Magician (level 7, 0/53 HPs)
             Began as a Djinni Hedge Wizard on Nov 17, 2023.
             Was an Initiate of Gozag.
             Killed by divine providence
             ... invoked by an orc priest
              (14 damage)
             ... on level 4 of the Dungeon.
             The game lasted 00:05:00 (2512 turns).

grandjackal the Magician (Djinni Hedge Wizard)      Turns: 2512, Time: 00:05:01

Health: 0/53       AC:  3    Str:  9    XL:     7   Next: 0%
Gold:   161        EV: 12    Int: 17    God:    Gozag SH:  0 Dex: 13

rFire   + + .        h - +1 falchion (heavy)
rCold   x . .        (no shield)
rNeg    . . .        d - +1 robe
rPois   ∞            c - +0 hat
rElec   .            (no cloak)
rCorr   .            (no gloves)
SInv    .            (boots unavailable)
Will    .....        (no amulet)
Stlth   ++           (no ring)
HPRegen 0.28/turn    (no ring)
MPRegen 0.00/turn

%: infuse magic (-1 HP)
@: gold aura, flying
A: sickness immunity, fire resistance 2, cold vulnerability 1, float, innate
caster, HP casting, extra vitality 1, antennae 1, inability to read after injury
1, MP-powered wands
a: Renounce Religion, Potion Petition, Call Merchant, Bribe Branch


You were on level 4 of the Dungeon.
You worshipped Gozag.
Gozag was aware of your devotion.
You visited 1 branch of the dungeon, and saw 4 of its levels.

You collected 190 gold pieces.
You paid 29 gold pieces to Gozag.

Inventory:

Hand Weapons
 a - a +0 dagger
 h - a +1 heavy falchion (weapon)
Missiles
 o - 6 curare-tipped darts
Armour
 c - a +0 hat (worn)
 d - a +1 robe (worn)
Scrolls
 b - a scroll of fear {unknown}
 e - 2 scrolls of identify {unknown}
 f - 2 scrolls of revelation {unknown}
 i - 3 scrolls of enchant armour {unknown}
 j - a scroll of teleportation {unknown}
 k - a scroll of noise {unknown}
 m - a scroll of amnesia {unknown}
Potions
 g - 2 potions of haste {unknown}
 l - a potion of cancellation {unknown}
 n - 2 potions of heal wounds {unknown}
 p - a potion of might {unknown}
 q - a potion of curing
 r - 2 potions of mutation


   Skills:
 + Level 4.4 Fighting
 - Level 2.1 Dodging
 - Level 1.5 Stealth
 + Level 4.5 Spellcasting
 + Level 4.5 Conjurations
 + Level 4.5 Hexes
 + Level 4.5 Summonings
 + Level 4.5 Necromancy
 + Level 4.5 Translocations
 + Level 4.5 Transmutations
 + Level 4.5 Fire Magic
 + Level 4.5 Ice Magic
 + Level 4.5 Air Magic
 + Level 4.5 Earth Magic
 + Level 4.5 Poison Magic


You knew the following spells:

 Your Spells              Type           Power      Damage    Failure   Level
a - Magic Dart            Conj           76%        1d6       2%          1
b - Slow                  Hex            76%        N/A       2%          1
c - Blink                 Tloc           38%        N/A       3%          2
d - Call Imp              Summ           38%        N/A       3%          2
e - Mephitic Cloud        Conj/Pois/Air  19%        N/A       7%          3
f - Summon Small Mammal   Summ           76%        N/A       2%          1
g - Static Discharge      Conj/Air       38%        3-5/arc   3%          2
h - Gell's Gravitas       Tloc           19%        N/A       7%          3
Your spell library was empty.

Dungeon Overview and Level Annotations

Branches:
Dungeon (4/15)
 Temple: D:4-7

Altars:
Fedhas
Gozag

Shops:
D:3 *


Innate Abilities, Weirdness & Mutations

You are immune to sickness and miasma.
You are immune to poison.
Your flesh is very heat resistant. (rF++)
You are vulnerable to cold. (rC-)
You float through the air rather than walking.
You learn spells naturally, not from books.
Your magical power is your life essence.
You have superior vitality. (+4 MHP)
You have a pair of small antennae on your head.
You occasionally lose the ability to read scrolls when taking damage.
You expend health (3 HP) to strengthen your wands.


Message History

You kill the bullfrog!
You have reached level 7!
The power to cast Gell's Gravitas wells up from within.
Spell assigned to 'h'.
You hit the orc.
The orc is severely wounded.
The orc priest calls upon Beogh to heal the orc.
The orc's wounds heal themselves!
The orc is distracted by your dazzling golden aura.
The orc priest is distracted by your dazzling golden aura.
The orc shouts!
The orc priest shouts!
You slash the orc!
You kill the orc!
The orc priest is no longer distracted by gold.
The orc priest hits you with a +0 whip of electrocution.
You are electrocuted!
Unknown command.
Casting: Magic Dart (safe; 2% risk of failure)
Confirm with . or Enter, or press ? or * to list all spells.
Okay, then.
Casting: Magic Dart (safe; 2% risk of failure)
Confirm with . or Enter, or press ? or * to list all spells.
The orc priest is struck by an arc of lightning.
The orc priest is lightly wounded.
You are struck by an arc of lightning.
The lightning grounds out.
The orc priest closely misses you.
Unknown command.
Unknown command.
Casting: Static Discharge (safe; 3% risk of failure)
Confirm with . or Enter, or press ? or * to list all spells.
The orc priest is struck by an arc of lightning.
The orc priest is heavily wounded.
You are struck by an arc of lightning.
* * * LOW HITPOINT WARNING * * *
The lightning grounds out.
* * * LOW HITPOINT WARNING * * *
The orc priest invokes the aid of Beogh against you.
Beogh smites you!
You die...
Your body crumbles into a pile of gold.

#)# #.<# #...........
#.###..# #.#.###....#
#....>.# #.#.........
####...# #.#####..###
#...# #.# # #...# #.#
#...#####.#####.# .
#..........o....##...
.........@#####...#..
.....###..o........#
.. ##.#####.....# #.#
...$# #.# ...# #.#
..# #.# ## #.# ..


You could see 2 orc priests.

Vanquished Creatures
  Sigmund (D:2)
  A bullfrog (D:4)
  3 adders
  4 gnolls (D:2)
  3 worms
  2 dart slugs (D:1)
  5 orcs
  10 endoplasms
  5 goblins
  4 hobgoblins
  A jackal (D:2)
  4 quokkas
  4 ball pythons
  5 bats
  2 frilled lizards (D:1)
  7 kobolds
  5 rats
66 creatures vanquished.

Notes
Turn   | Place    | Note
-------+----------+-------------------------------------------
     0 | D:1      | grandjackal the Djinni Hedge Wizard began the quest for the
                  | Orb.
     0 | D:1      | grandjackal set off with the following spells memorised:
                  | Magic Dart, Slow, Blink, Call Imp, Mephitic Cloud.
     0 | D:1      | Reached XP level 1. HP: 15/15 MP: 0/0
   158 | D:1      | Reached XP level 2. HP: 17/22 MP: 0/0
   228 | D:1      | Reached skill level 1 in Fighting
   491 | D:1      | Reached XP level 3. HP: 27/27 MP: 0/0
   491 | D:1      | Learned a level 1 spell: Summon Small Mammal
   736 | D:2      | Reached XP level 4. HP: 17/33 MP: 0/0
  1097 | D:2      | Noticed Sigmund
  1103 | D:2      | Gained mutation: You have a pair of small antennae on your
                  | head. [potion of mutation]
  1103 | D:2      | Gained mutation: You occasionally lose the ability to read
                  | scrolls when taking damage. [potion of mutation]
  1103 | D:2      | Gained mutation: You expend health (3 HP) to strengthen
                  | your wands. [potion of mutation]
  1121 | D:2      | Killed Sigmund
  1122 | D:2      | Reached XP level 5. HP: 27/41 MP: 0/0
  1122 | D:2      | Learned a level 2 spell: Static Discharge
  1122 | D:2      | Reached XP level 6. HP: 31/47 MP: 0/0
  1534 | D:2      | Found a faded altar of an unknown god.
  1933 | D:3      | Found an opulent altar of Gozag.
  1938 | D:3      | Found Gozag's Platinum Reserve.
  1942 | D:3      | Became a worshipper of Gozag Ym Sagoz the Greedy
  2289 | D:3      | Found a blossoming altar of Fedhas.
  2509 | D:4      | Reached XP level 7. HP: 39/53 MP: 0/0
  2509 | D:4      | Learned a level 3 spell: Gell's Gravitas
  2512 | D:4      | Killed from afar by an orc priest

Illustrated notes

Levels and vault maps discovered:
D:1:      minmay_arrival_split_and_join, layout_rooms, serial_curves,
          eino_curves_04, eino_curves_02, eino_curves_02, eino_curves_01,
          item_on_display_a
D:2:      layout_loops_ring, shapermc_ecumenical_altar_notcrosses,
          nrook_mini_vaults, minmay_cupped, uniq_sigmund
D:3:      layout_rooms, nicolae_gozag_zags_fifth_avenue, marbit_many_paths
D:4:      layout_loops_ring, nicolae_tso_besieged_by_evil,
          hangedman_abyss_or_decor_jellyfish_corner, uniq_blork_the_orc

Skill      XL: |  1  2  3  4  5  6 |
---------------+-------------------+-----
Spellcasting   | 3 4 |  4.5
Conjurations   | 3 4 |  4.5
Hexes          | 3 4 |  4.5
Summonings     | 3 4 |  4.5
Necromancy     | 3 4 |  4.5
Translocations | 3 4 |  4.5
Transmutations | 3 4 |  4.5
Fire Magic     | 3 4 |  4.5
Ice Magic      | 3 4 |  4.5
Air Magic      | 3 4 |  4.5
Earth Magic    | 3 4 |  4.5
Poison Magic   | 3 4 |  4.5
Fighting       | 1 2 3 4 |  4.4
Dodging        | |  2.1
Stealth        | |  1.5

Action                     |  1- 3 |  4- 6 |  7- 9 || total
---------------------------+-------+-------+-------++-------
  Melee: Falchion          |    23 |   129 |     2 ||   154
         Punch             |       |     5 |       ||     5
   Cast: Magic Dart        |    24 |    18 |       ||    42
         Mephitic Cloud    |     1 |       |       ||     1
         Blink             |       |     1 |       ||     1
         Static Discharge  |       |       |     2 ||     2
    Use: Potion            |       |     3 |       ||     3
   Stab: Sleeping          |     1 |     3 |       ||     4
         Invisible         |       |     1 |       ||     1
 Armour: Robe              |    18 |   103 |     3 ||   124
  Dodge: Dodged            |    25 |   131 |     1 ||   157

Table legend: (Time is in decaauts)
 A = Elapsed time spent in this place.
 B = Non-inter-level travel time spent in this place.
 C = Inter-level travel time spent in this place.
 D = Time resting spent in this place.
 E = Time spent auto-exploring this place.
 F = Levels seen in this place.
 G = Mean time per level.
                   A        B        C        D        E       F      G
               +--------+--------+--------+--------+--------+-----+--------+
         Total |   2658 |   2577 |     81 |    233 |   1697 |   4 |  664.5 |
       Dungeon |   2658 |   2577 |     81 |    233 |   1697 |   4 |  664.5 |
               +--------+--------+--------+--------+--------+-----+--------+

Top non-repeatable levels by time:
     D:2: 910 daAuts
     D:3: 835 daAuts
     D:1: 792 daAuts
     D:4: 120 daAuts
